[Event "*** Titled Tuesday Blitz"]
[Site "Chess.com"]
[Date "2021.03.30"]
[Round "7"]
[White "gxbg2000"]
[Black "esteban062000"]
[Result "1-0"]
[WhiteElo "1920"]
[BlackElo "2157"]
[TimeControl "180+1"]
[EndTime "11:17:11 PDT"]
[Termination "gxbg2000 won by checkmate"]

1. e4 c5 2. f4 e6 3. Nf3 d5 4. e5 g6 5. c3 h5 6. Bb5+ Bd7 7.
Bxd7+ Nxd7 8. O-O Bg7 9. Kh1 Nh6 10. d4 cxd4 11. cxd4 Nf5 12. Nc3 Qb6 13. Ne2 h4 14. Qe1 O-O-O 15. Bd2 Rh5 16. Rc1+ Kb8 17. Rc2 Rdh8 18.
h3 f6 19. Ba5 Qa6 20. Bc7+ Ka8 21. Bd6 Ne3 22. Qc1 Nxc2 23. Qxc2 Qc4 24. Qd2 fxe5 25.
Rc1 Qxa2 26. dxe5 Nb6 27. Ned4 Nc4 28. Qd1 Qxb2 29. Nxe6 Ne3 30. Nc7+ Kb8 31. Ne8+ Ka8 32. Rc8# 1-0

[Event "*** Titled Tuesday Blitz"]
[Site "Chess.com"]
[Date "2021.03.30"]
[Round "7"]
[White "MIJuanReyesRosa"]
[Black "ahmad_alkhatib11"]
[Result "0-1"]
[WhiteElo "2100"]
[BlackElo "2365"]
[TimeControl "180+1"]
[EndTime "11:17:11 PDT"]
[Termination "ahmad_alkhatib11 won by checkmate"]

1. d4 Nf6 2. Nf3 g6 3. c4 Bg7 4. Nc3 O-O 5. e4 d6 6. Be2 Na6 7. O-O e5 8. Re1 Bg4 9. Be3 Bxf3 10. Bxf3 exd4 11. Bxd4 Nb4 12. Rc1 Nc6 13. Be3 Nd7 14. Be2 Nc5 15. f3 Ne6 16. Qd2 Ncd4 17. Bf1 f5 18.
exf5 Rxf5 19. Kh1 Rh5 20. Rcd1 Qh4 21. Bg1 Nf5 22. Ne4 Qxe4 23. Bxa7 Qh4 24. Bg1 Ng3# 0-1

[Event "*** Titled Tuesday Blitz"]
[Site "Chess.com"]
[Date "2021.03.30"]
[Round "7"]
[White "ShapkinAnatoliy"]
[Black "Oligan22"]
[Result "1/2-1/2"]
[WhiteElo "2662"]
[BlackElo "2517"]
[TimeControl "180+1"]
[EndTime "11:17:12 PDT"]
[Termination "Game drawn by repetition"]

1. d4 d5 2. c4 dxc4 3. Nf3 Nf6 4.
e3 e6 5. Bxc4 c5 6. O-O a6 7. a4 Nc6 8. Qe2 Be7 9. Rd1 O-O 10.
Nc3 Qc7 11. d5 exd5 12. Nxd5 Nxd5 13. Bxd5 Bg4 14. h3 Bh5 15. b3 Bf6 16. Bb2 Bxb2 17.
Qxb2 Nb4 18. Rac1 Nxd5 19. Rxd5 Bxf3 20. gxf3 b6 21. a5 Qc6 22. Qd2 Qg6+ 23. Kh2 Qf6 24. f4 Rfd8 25. axb6 Qxb6 26. Rcxc5 g6 27. Rc3 Rxd5 28.
Qxd5 Rd8 29. Qe5 Qb4 30. Kg3 Qb7 31. f5 Qh1 32. fxg6 hxg6 33. Kg4 Qg2+ 34. Qg3 Qe4+ 35. Qf4 Qg2+ 36. Qg3 Qe4+ 37. Qf4 Qg2+ 38. Qg3 1/2-1/2

[Event "*** Titled Tuesday Blitz"]
[Site "Chess.com"]
[Date "2021.03.30"]
[Round "7"]
[White "kamilianin235"]
[Black "sau6on"]
[Result "1-0"]
[WhiteElo "2272"]
[BlackElo "2355"]
[TimeControl "180+1"]
[EndTime "11:17:15 PDT"]
[Termination "kamilianin235 won by checkmate"]

1. e4 c5 2. Nf3 d6 3. d4 cxd4 4.
Nxd4 Nf6 5. Nc3 Nc6 6. Bc4 Qb6 7. Nb3 e6 8. O-O a6 9. Be3 Qc7 10. a4 b6 11. Be2 Be7 12. f3 O-O 13. Kh1 Rd8 14.
Qe1 d5 15. exd5 Nxd5 16. Nxd5 Rxd5 17. Qf2 Rb8 18. Bc4 Rd7 19. Rad1 Ne5 20. Be2 Qxc2 21. Nd4 Qxa4 22. Ra1 Qb4 23. f4 Rxd4 24. fxe5 Rd8 25. Qxf7+ Kh8 26. Rf4 Qxb2 27. Raf1 Bb7 28. Qxe7 Bxg2+ 29.
Kxg2 Qxe2+ 30. R1f2 Qxe3 31. Rf8+ Rxf8 32. Qxf8+ Rxf8 33. Rxf8# 1-0

[Event "*** Titled Tuesday Blitz"]
[Site "Chess.com"]
[Date "2021.03.30"]
[Round "7"]
[White "Romadk"]
[Black "onetowin"]
[Result "1-0"]
[WhiteElo "2313"]
[BlackElo "2024"]
[TimeControl "180+1"]
[EndTime "11:17:16 PDT"]
[Termination "Romadk won by resignation"]

1. d4 Nf6 2. Nf3 e6 3. g3 d5 4.
Bg2 Be7 5. O-O O-O 6. c4 dxc4 7. Qc2 a6 8. a4 Bd7 9. Qxc4 Bc6 10. Bg5 Bd5 11. Qc2 Be4 12. Qc1 Nbd7 13. Rd1 c5 14. Nc3 cxd4 15. Rxd4 Bd5 16. e4 Bc6 17. Bxf6 Bxf6 18.
e5 Bxf3 19. exf6 Bxg2 20. Kxg2 Qb6 21. Rxd7 Qc6+ 22. Kg1 Qxd7 23. Qg5 g6 24. Qh6 1-0

[Event "*** Titled Tuesday Blitz"]
[Site "Chess.com"]
[Date "2021.03.30"]
[Round "7"]
[White "Savva09022009"]
[Black "2nd_life"]
[Result "1-0"]
[WhiteElo "2601"]
[BlackElo "2406"]
[TimeControl "180+1"]
[EndTime "11:17:18 PDT"]
[Termination "Savva09022009 won on time"]

1. d4 Nf6 2. c4 e6 3. g3 c5 4. Nf3 cxd4 5. Nxd4 d5 6. Bg2 e5 7. Nf3 d4 8. O-O Nc6 9. e3 Be7 10. exd4 exd4 11. b4 Bxb4 12. Nxd4 Nxd4 13. Qa4+ Nc6 14. Bxc6+ bxc6 15. Qxb4 Qe7 16. Qxe7+ Kxe7 17. Ba3+ Ke6 18. Nc3 Ba6 19. Rfe1+ Kf5 20. Ne2 Rhd8 21. Rac1 g5 22. Bb2 c5 23. h4 gxh4 24. gxh4 Ne4 25. f3 Rg8+ 26. Kf1 Nd2+ 27. Kf2 Nxc4 28. Ng3+ Kg6 29.
h5+ Kh6 30. Bc3 Rae8 31. Nf5+ Kg5 32. Ne7 1-0

[Event "*** Titled Tuesday Blitz"]
[Site "Chess.com"]
[Date "2021.03.30"]
[Round "7"]
[White "GM_LOADING"]
[Black "noblerone"]
[Result "1/2-1/2"]
[WhiteElo "2526"]
[BlackElo "2401"]
[TimeControl "180+1"]
[EndTime "11:17:19 PDT"]
[Termination "Game drawn - insufficient material"]

1. e4 d5 2. exd5 Qxd5 3. d4 c5 4. Nc3 Qxd4 5. Qxd4 cxd4 6. Nb5 Na6 7. Nxd4 Bd7 8.
Ngf3 Nf6 9. Ne5 e6 10. Nxd7 Nxd7 11. Be3 Nc7 12. O-O-O a6 13. g3 Nd5 14. Bg2 Nxe3 15.
fxe3 O-O-O 16. Rhf1 Ne5 17. Nf3 Nxf3 18. Rxf3 Rxd1+ 19. Kxd1 f5 20. e4 g6 21. exf5 exf5 22. Rb3 b5 23. a4 bxa4 24. Rb6 a3 25. bxa3 Bxa3 26. Rxa6 Bb2 27. Ra8+ Kc7 28. Rxh8 Bxh8 29. Ke2 Kd6 30. Kd3 Kc5 31. c4 Be5 32. Bd5 h6 33. Bf7 g5 34.
Bg6 f4 35. gxf4 Bxf4 36. h3 Bd6 37. Bf7 Bf4 38. Ke4 h5 39. h4 Bc1 40. hxg5 Bxg5 41. Bxh5 Kxc4 1/2-1/2

[Event "*** Titled Tuesday Blitz"]
[Site "Chess.com"]
[Date "2021.03.30"]
[Round "7"]
[White "Leo_C"]
[Black "Nozdrachev_Leonid"]
[Result "0-1"]
[WhiteElo "2376"]
[BlackElo "2544"]
[TimeControl "180+1"]
[EndTime "11:17:20 PDT"]
[Termination "Nozdrachev_Leonid won by checkmate"]

1. d4 d6 2. e4 Nf6 3. f3 e5 4. d5 c6 5. c4 g6 6. Nc3 Bg7 7. Bg5 cxd5 8. cxd5 Qb6 9. Qd2 O-O 10. Nge2 Nbd7 11.
h4 h6 12. Bxh6 Nc5 13. Bxg7 Kxg7 14. h5 Nxh5 15. g4 Nf4 16. Nxf4 exf4 17. Qh2 Bd7 18.
Qh6+ Kf6 19. Qxf4+ Kg7 20. O-O-O Rh8 21. Rxh8 Rxh8 22.
g5 a5 23. Qf6+ Kg8 24. e5 Rh2 25. Be2 Bf5 26. Qxd6 Qb3 27. Rd2 Rh1+ 28. Nd1 Qxa2 29. Qd8+ Kh7 30. Rc2 Nb3# 0-1

[Event "*** Titled Tuesday Blitz"]
[Site "Chess.com"]
[Date "2021.03.30"]
[Round "7"]
[White "BlackWidow515"]
[Black "rachidhuilda"]
[Result "1/2-1/2"]
[WhiteElo "2181"]
[BlackElo "2279"]
[TimeControl "180+1"]
[EndTime "11:17:20 PDT"]
[Termination "Game drawn by repetition"]

1. d4 Nf6 2. Nf3 d5 3. g3 c6 4. Bg2 Bf5 5. O-O e6 6. Nbd2 h6 7. b3 Nbd7 8. Re1 Be7 9. Nh4 Bh7 10. Bb2 Ne4 11. Nxe4 dxe4 12. d5 Bxh4 13. dxe6 fxe6 14. gxh4 O-O 15. Qd4 Nf6 16. Rad1 Qe8 17. Kh1 Qh5 18. Bh3 Rae8 19. Rg1 Qxh4 20. Rg3 Bf5 21. Bxf5 exf5 22. Rdg1 Re7 23. Ba3 Rd7 24. Qc4+ Rff7 25. Qe6 Kh7 26.
Bb2 Ng4 27. Rxg4 fxg4 28. Qxe4+ Kg8 29. Qe8+ Kh7 30. Qe4+ Kg8 31. Qe8+ Kh7 32. Qe4+ 1/2-1/2

[Event "*** Titled Tuesday Blitz"]
[Site "Chess.com"]
[Date "2021.03.30"]
[Round "7"]
[White "Chopper1905"]
[Black "gaby_przz"]
[Result "1-0"]
[WhiteElo "2915"]
[BlackElo "2465"]
[TimeControl "180+1"]
[EndTime "11:17:24 PDT"]
[Termination "Chopper1905 won on time"]

1. d4 Nf6 2. Nf3 g6 3. g3 Bg7 4. Bg2 O-O 5. c4 c5 6. d5 e6 7. Nc3 exd5 8. cxd5 d6 9. O-O Re8 10. Bf4 Nh5 11. Bg5 Bf6 12. Qd2 Nd7 13. g4 Bxg5 14.
Nxg5 Nhf6 15. h3 Ne5 16. e4 h6 17. Nf3 Nxf3+ 18. Bxf3 Kg7 19. Bg2 g5 20. f4 Nd7 21. e5 dxe5 22. fxg5 Qxg5 23. Qf2 Qf4 24. Qe2 Qd4+ 25. Kh1 Nf8 26. Ne4 Ng6 27. Rad1 Qa4 28. Nf6 Rd8 29. Nh5+ Kg8 30. Qe3 1-0

[Event "*** Titled Tuesday Blitz"]
[Site "Chess.com"]
[Date "2021.03.30"]
[Round "7"]
[White "arminmusovic"]
[Black "JoliyRoger"]
[Result "1-0"]
[WhiteElo "2565"]
[BlackElo "2387"]
[TimeControl "180+1"]
[EndTime "11:17:25 PDT"]
[Termination "arminmusovic won on time"]

1. a3 c5 2. Nc3 d5 3. e4 d4 4. Nce2 a6 5. Ng3 Nc6 6. Bc4 e6 7. d3 Nge7 8. N1e2 g6 9. O-O Bg7 10. f4 h5 11. f5 exf5 12. exf5 Nxf5 13. Nxf5 Bxf5 14. Ng3 Bg4 15. Qe1+ Qe7 16. Bg5 Qxe1 17. Raxe1+ Be5 18. Bd5 Kd7 19. Bxc6+ Kd6 20. Ba4 f5 21. Ne2 b5 22. Bb3 Rae8 23. Nf4 1-0

[Event "*** Titled Tuesday Blitz"]
[Site "Chess.com"]
[Date "2021.03.30"]
[Round "7"]
[White "katchesskat"]
[Black "dhaessel"]
[Result "0-1"]
[WhiteElo "2301"]
[BlackElo "2044"]
[TimeControl "180+1"]
[EndTime "11:17:29 PDT"]
[Termination "dhaessel won by checkmate"]

1. c4 Nf6 2. Nf3 g6 3. b4 Bg7 4. Bb2 O-O 5. h4 d5 6. cxd5 Qxd5 7. e3 Nc6 8. a3 Bf5 9. Nc3 Qd7 10.
b5 Na5 11. Ne5 Qd6 12. d4 c5 13.
g4 cxd4 14. exd4 Be6 15. Be2 Nb3 16. Nc4 Bxc4 17. Bxc4 Nxa1 18. Qxa1 Qxd4 19. Be2 Nxg4 20. O-O Qf4 21. Kg2 Qh2+ 22. Kf3 Ne5+ 23. Ke3 Bh6+ 24. f4 Qxh4 25. Ne4 Qh3+ 26. Kf2 Bxf4 27. Bxe5 Qh2+ 28. Ke1 Bxe5 29. Qb1 Qh4+ 30. Kd2 Rfd8+ 31.
Ke3 Bd4+ 32. Kf3 Qh5+ 33. Kg3 Qxe2 34. Rf3 Rac8 35. Ng5 Be5+ 36. Kh3 Qh2+ 37. Kg4 Qh5# 0-1

[Event "*** Titled Tuesday Blitz"]
[Site "Chess.com"]
[Date "2021.03.30"]
[Round "7"]
[White "biveklama"]
[Black "korkmaz16"]
[Result "1-0"]
[WhiteElo "2341"]
[BlackElo "2469"]
[TimeControl "180+1"]
[EndTime "11:17:30 PDT"]
[Termination "biveklama won by checkmate"]

1. e4 c5 2. Nf3 e6 3. c3 d5 4. exd5 exd5 5. d4 c4 6. b3 cxb3 7. axb3 Nf6 8. Bb5+ Nc6 9. O-O Be7 10. Ne5 Bd7 11. Nxd7 Qxd7 12. Nd2 O-O 13. Re1 a6 14. Bd3 Rfe8 15. Nf3 Bd6 16. Be3 Rac8 17. h3 Ne4 18. Rc1 Bb8 19. c4 Nb4 20. Bb1 Qd6 21. Ne5 f6 22. Nf3 dxc4 23. bxc4 b5 24. cxb5 axb5 25. Qb3+ Nd5 26. Rxc8 Rxc8 27. Bxe4 Rc4 28. Qxb5 Nxe3 29.
fxe3 Rc8 30. Qd5+ Qxd5 31. Bxd5+ Kf8 32. e4 Bg3 33. Rd1 Rc2 34. e5 fxe5 35. dxe5 Ke7 36.
Be4 Re2 37. Bxh7 Rb2 38. Bf5 Rb7 39. e6 Kf6 40. Rd7 Rb5 41. Rf7# 1-0

[Event "*** Titled Tuesday Blitz"]
[Site "Chess.com"]
[Date "2021.03.30"]
[Round "7"]
[White "Tactictic"]
[Black "korbul"]
[Result "0-1"]
[WhiteElo "2395"]
[BlackElo "2580"]
[TimeControl "180+1"]
[EndTime "11:17:31 PDT"]
[Termination "korbul won by checkmate"]

1. e4 c5 2. Nf3 e6 3. d4 cxd4 4. Nxd4 Nf6 5. Nc3 d6 6. Bg5 a6 7. Qd2 b5 8. f4 Bb7 9. e5 h6 10. Bxf6 gxf6 11. exd6 Bxd6 12. O-O-O Bb4 13. a3 Be7 14.
Ncxb5 axb5 15. Bxb5+ Kf8 16. Nxe6+ fxe6 17. Qxd8+ Bxd8 18. Rxd8+ Kg7 19. Rd6 Be4 20. Re1 f5 21. Bd3 Bxd3 22.
Rxd3 Re8 23. Rd6 Kf6 24. c4 Ra7 25. Kc2 Nd7 26. Re3 Nc5 27. Rc6 Ne4 28. b4 Rd8 29.
Kc1 Rad7 30. c5 Rd2 31. b5 R8d4 32. Rh3 Rc4+ 33. Kb1 Rcc2 34. Rxh6+ Kg7 35. Rhxe6 Nc3+ 36. Ka1 Ra2# 0-1

[Event "*** Titled Tuesday Blitz"]
[Site "Chess.com"]
[Date "2021.03.30"]
[Round "7"]
[White "Shield12"]
[Black "Mamedyarov_twitch"]
[Result "1-0"]
[WhiteElo "2826"]
[BlackElo "2931"]
[TimeControl "180+1"]
[EndTime "11:17:33 PDT"]
[Termination "Shield12 won by resignation"]

1. e4 c5 2. Nf3 e6 3. c3 Nf6 4. e5 Nd5 5. Bc4 d6 6. exd6 Bxd6 7. d4 O-O 8. O-O Nc6 9. dxc5 Bxc5 10. Re1 h6 11.
Nbd2 Nf6 12. Qe2 e5 13. Ne4 Be7 14. Nxf6+ Bxf6 15. Qe4 Re8 16. Bxh6 gxh6 17. Qg6+ Bg7 18. Bxf7+ Kf8 19. Rad1 Qe7 20. Bxe8 Qxe8 21. Qe4 Qf7 22. Nh4 Be6 23. Re3 Kg8 24. Rf3 Qh5 25. Nf5 Bxf5 26.
Qxf5 Qxf5 27. Rxf5 Rd8 28. Rxd8+ Nxd8 29. Rf3 Ne6 30. Rd3 Bf8 31. Rd5 e4 32. Kf1 Kf7 33. Re5 Nc5 34. b4 Na4 35. Ra5 Nxc3 36. Rxa7 Bxb4 37. Rxb7+ Be7 38. Ra7 Ke6 39. a4 h5 40.
a5 Nd5 41. a6 Bc5 42. Rb7 1-0

[Event "*** Titled Tuesday Blitz"]
[Site "Chess.com"]
[Date "2021.03.30"]
[Round "7"]
[White "Caterpiller35"]
[Black "HanSchut"]
[Result "1-0"]
[WhiteElo "2393"]
[BlackElo "2250"]
[TimeControl "180+1"]
[EndTime "11:17:33 PDT"]
[Termination "Caterpiller35 won by resignation"]

1. e4 c5 2. Nc3 Nc6 3. Bb5 Nd4 4. a4 g6 5. f4 Bg7 6. Nf3 e6 7. O-O Ne7 8. d3 a6 9. Bc4 d5 10. Ba2 O-O 11. Kh1 Rb8 12. f5 exf5 13. exd5 b5 14.
Bf4 Rb7 15. axb5 axb5 16. d6 Nec6 17. Nd5 Be6 18. Nxd4 Nxd4 19. c3 Nc6 20. Qf3 Qd7 21.
Rfe1 b4 22. Bc4 bxc3 23. bxc3 Kh8 24. Ra6 Rc8 25. h4 h5 26. Qe3 Ra7 27. Rxa7 Nxa7 28. Nb6 Qc6 29. Nxc8 Qxc8 30. Bxe6 fxe6 31. Qxe6 Qxe6 32.
Rxe6 Nc6 33. d7 Nd8 34. Re8+ 1-0

[Event "*** Titled Tuesday Blitz"]
[Site "Chess.com"]
[Date "2021.03.30"]
[Round "7"]
[White "xurramid77"]
[Black "BigAl"]
[Result "0-1"]
[WhiteElo "2640"]
[BlackElo "2509"]
[TimeControl "180+1"]
[EndTime "11:17:34 PDT"]
[Termination "BigAl won by resignation"]

1. e4 c6 2. d4 d5 3. Nc3 dxe4 4. Nxe4 Nf6 5. Ng3 h5 6. h4 Bg4 7. Be2 Bxe2 8. N1xe2 g6 9. Bg5 Bg7 10. O-O O-O 11. Qd2 Nbd7 12. Bh6 Bxh6 13. Qxh6 Ng4 14. Qg5 e6 15. Nf4 Qf6 16. Rae1 Rfe8 17. Ngxh5 Qxg5 18. hxg5 gxh5 19. f3 e5 20. Nxh5 exd4 21. fxg4 Re3 22. Rxe3 dxe3 23. Nf6+ Nxf6 24. gxf6 Rd8 25.
Re1 Rd2 26. Rxe3 Rxc2 27. Rb3 b5 28. Kh2 Kh7 29. a4 a6 30. axb5 axb5 31. Rc3 Rxc3 32.
bxc3 c5 33. Kg3 b4 34. cxb4 cxb4 35. Kf4 b3 36. Ke5 b2 37. Kd6 Kg6 38. Ke7 b1=Q 0-1

[Event "*** Titled Tuesday Blitz"]
[Site "Chess.com"]
[Date "2021.03.30"]
[Round "7"]
[White "Sofiia_Hryzlova"]
[Black "Cptn2"]
[Result "0-1"]
[WhiteElo "2326"]
[BlackElo "2503"]
[TimeControl "180+1"]
[EndTime "11:17:34 PDT"]
[Termination "Cptn2 won by resignation"]

1. c4 e5 2. g3 Nc6 3. Bg2 d6 4. Nc3 Be6 5. e3 Qd7 6. a3 Bxc4 7. b4 a6 8. d3 Be6 9. Nf3 Bh3 10. Bxh3 Qxh3 11. b5 Nd8 12. Qa4 Qg2 13. bxa6+ Nc6 14. Nd5 Kd8 15. Qh4+ Be7 16. Nxe7 Ngxe7 17. axb7 Qxh1+ 18.
Ke2 Rb8 19. Qh3 Rxb7 20. a4 Na5 21. Ng5 Qd5 22. e4 Qb3 23. Ra3 Qc2+ 24. Kf3 Qxc1 25.
Nxf7+ Ke8 26. Nxh8 Qxa3 27. Qxh7 Qxd3+ 28. Kg2 Rb2 29. Qxg7 Qxe4+ 30. Kh3 Qf5+ 31. g4 Qf3+ 32. Kh4 Qxf2+ 33.
Kh5 Qxh2+ 34. Kg5 Qf4+ 0-1

[Event "*** Titled Tuesday Blitz"]
[Site "Chess.com"]
[Date "2021.03.30"]
[Round "7"]
[White "FMalexhdez"]
[Black "xozr"]
[Result "0-1"]
[WhiteElo "2221"]
[BlackElo "2334"]
[TimeControl "180+1"]
[EndTime "11:17:34 PDT"]
[Termination "xozr won on time"]

1. e4 c5 2. Nf3 Nc6 3. d4 cxd4 4. Nxd4 g6 5. Nc3 Bg7 6. Nb3 Qa5 7. Bd2 Qd8 8. Be2 Nf6 9. O-O d5 10. exd5 Nxd5 11.
Nxd5 Qxd5 12. c3 O-O 13. Be3 Be6 14. Qxd5 Bxd5 15. Rfd1 Rfd8 16. Nc5 b6 17. Nd3 Bc4 18. Nf4 Bxe2 19. Nxe2 e5 20. f3 h6 21. a4 f5 22.
Kf1 Kf7 23. Ke1 Ke6 24. Rxd8 Rxd8 25. Rd1 Rxd1+ 26. Kxd1 Na5 27. Kc2 Nc4 28. Bc1 g5 29.
b3 Nd6 30. c4 e4 31. fxe4 Nxe4 32. b4 f4 33. Kd3 Nf2+ 34. Kc2 Ng4 35. h3 Ne5 36. Nd4+ Kd7 37. c5 bxc5 38. bxc5 Nc6 39. Nb5 a6 40. Nc3 Nb4+ 41. Kd2 Bxc3+ 42. Kxc3 Na2+ 43.
Kc2 Nxc1 44. Kxc1 Kc6 45. Kd2 Kxc5 46. Kc3 h5 0-1

[Event "*** Titled Tuesday Blitz"]
[Site "Chess.com"]
[Date "2021.03.30"]
[Round "7"]
[White "slavenok"]
[Black "vlad_Sid"]
[Result "1-0"]
[WhiteElo "2750"]
[BlackElo "2570"]
[TimeControl "180+1"]
[EndTime "11:17:35 PDT"]
[Termination "slavenok won by resignation"]

1. e4 c6 2. d4 d5 3. exd5 cxd5 4. Nf3 Nf6 5. c4 Nc6 6. Nc3 g6 7. cxd5 Nxd5 8. Bb5 Bg7 9. O-O O-O 10. Be3 Bf5 11.
Rc1 Rc8 12. Qd2 Re8 13. Nxd5 Qxd5 14. Bc4 Qd8 15. d5 Ne5 16. Nxe5 Bxe5 17. Bxa7 b6 18. Rfe1 Bc7 19. Bb5 Bd7 20. Rxc7 Qxc7 21. Bxb6 Qb7 22.
Bxd7 Qxd7 23. Be3 Red8 24. Rd1 Qf5 25. h3 Rc2 26. Qa5 Rdc8 27. b4 Re2 28. b5 Rcc2 29. Qd8+ Kg7 30. Qxe7 h5 31. Rf1 Qxd5 32. a4 Ra2 33. b6 Reb2 34. a5 Rxa5 35. Qh4 Kh7 36. Qf6 Ra4 37. Qxb2 1-0

[Event "*** Titled Tuesday Blitz"]
[Site "Chess.com"]
[Date "2021.03.30"]
[Round "7"]
[White "ymoy"]
[Black "StockholmMissile"]
[Result "1-0"]
[WhiteElo "2735"]
[BlackElo "2563"]
[TimeControl "180+1"]
[EndTime "11:17:35 PDT"]
[Termination "ymoy won on time"]

1. e4 e5 2. Nf3 Nc6 3. d4 exd4 4. Bc4 Bc5 5. O-O Nf6 6. e5 d5 7.
exf6 dxc4 8. fxg7 Rg8 9. Bg5 Qd6 10. Nbd2 Qg6 11. Ne4 Be7 12. Re1 Be6 13. Nh4 Qxg7 14. Bxe7 Nxe7 15. Qf3 O-O-O 16. Nc5 Nc6 17. Rxe6 fxe6 18.
Nxe6 Qe7 19. Nxd8 Rxd8 20. Qf5+ Kb8 21. Nf3 d3 22. cxd3 cxd3 23. Rd1 Nd4 24. Qxd3 c5 25.
Nxd4 Rxd4 26. Qf3 Rxd1+ 27. Qxd1 Kc7 28. h3 b5 29. Qd2 Kb6 30. a3 c4 31. f4 a5 32. Kf2 b4 33. axb4 axb4 34. Qe3+ Qc5 35.
Qxc5+ Kxc5 36. Ke3 Kb5 37. f5 Ka4 38. f6 c3 39. bxc3 b3 40. Kd2 Ka3 41. f7 1-0

[Event "*** Titled Tuesday Blitz"]
[Site "Chess.com"]
[Date "2021.03.30"]
[Round "7"]
[White "rugbyclub"]
[Black "aljado"]
[Result "1-0"]
[WhiteElo "2258"]
[BlackElo "2091"]
[TimeControl "180+1"]
[EndTime "11:17:35 PDT"]
[Termination "rugbyclub won by resignation"]

1. d4 d5 2. c4 c6 3. Nc3 Nf6 4. cxd5 cxd5 5. Bf4 e6 6. e3 Bd6 7. Bxd6 Qxd6 8. f4 O-O 9. Nf3 Nc6 10. Bd3 Nb4 11. Bb1 Qa6 12. a3 Bd7 13. Ne5 Rac8 14. axb4 Qb6 15. O-O Qxb4 16. Qd3 Bc6 17. Rf2 Ne4 18.
Nxe4 dxe4 19. Qd2 Qb6 20. Nxc6 Qxc6 21. f5 exf5 22. Rxf5 g6 23. Rf1 f5 24. Ba2+ Kg7 25. d5 Qb6 26. g3 Rc7 27. Rac1 Rfc8 28. Rxc7+ Rxc7 29. d6 Rd7 30. Rd1 Rxd6 31. Qc3+ Rf6 32.
Rd7+ Kh6 33. Rxb7 Qxb7 34. Qxf6 Qb6 35. Qxb6 1-0

[Event "*** Titled Tuesday Blitz"]
[Site "Chess.com"]
[Date "2021.03.30"]
[Round "7"]
[White "InitiatingASC"]
[Black "As0nchess"]
[Result "1/2-1/2"]
[WhiteElo "2443"]
[BlackElo "2612"]
[TimeControl "180+1"]
[EndTime "11:17:36 PDT"]
[Termination "Game drawn by agreement"]

1. d4 Nf6 2. c4 e6 3. Nc3 Bb4 4.
e3 O-O 5. Bd3 d5 6. Nf3 dxc4 7.
Bxc4 c5 8. O-O cxd4 9. exd4 b6 10. a3 Bxc3 11. bxc3 Nc6 12. Bd3 Bb7 13. c4 Rc8 14. Bb2 Na5 15. Rc1 Be4 16. Ne5 Bxd3 17. Qxd3 Nd7 18. d5 Nxe5 19. Bxe5 exd5 20. cxd5 Qd7 21.
Qg3 f6 22. Rxc8 Qxc8 23. Bd6 Rd8 24. Re1 Qf5 25. h4 Nc4 26. Re7 Qg6 27. Qxg6 hxg6 28. Bg3 Rxd5 29. Rxa7 Ra5 30. Rxa5 bxa5 31. a4 Kf7 32. f3 Ke6 33. Bc7 Kd5 34. Bd8 f5 35.
Be7 Nb2 36. Bd8 Nc4 37. Be7 Kd4 38. Bf8 Kc3 39. Bxg7+ Kb3 40. g4 fxg4 41. fxg4 Kxa4 42. h5 gxh5 43. gxh5 Nd6 44. h6 Nf7 45. h7 1/2-1/2

[Event "*** Titled Tuesday Blitz"]
[Site "Chess.com"]
[Date "2021.03.30"]
[Round "7"]
[White "Horizonevent"]
[Black "zacachess"]
[Result "1-0"]
[WhiteElo "2526"]
[BlackElo "2389"]
[TimeControl "180+1"]
[EndTime "11:17:37 PDT"]
[Termination "Horizonevent won by checkmate"]

1. e4 c5 2. Nf3 d6 3. d4 cxd4 4. Nxd4 Nf6 5. Nc3 a6 6. g3 e5 7. Nde2 Be7 8. Bg2 Nbd7 9. a4 b6 10. O-O O-O 11. h3 Bb7 12. g4 Nc5 13. Ng3 g6 14. f4 exf4 15. Bxf4 Ne6 16. Bh6 Re8 17. Nf5 gxf5 18. gxf5 Nc5 19. Rf4 Kh8 20. Qd4 Rg8 21. Kh1 Nd7 22. Rh4 Ne5 23. Bf4 Nfd7 24. Rh5 Qc7 25.
Rg1 Bf6 26. Qd1 Rg7 27. Bh6 Rgg8 28. Bf4 Rad8 29. Rxh7+ Kxh7 30. Qh5+ Kg7 31. Qh6# 1-0

[Event "*** Titled Tuesday Blitz"]
[Site "Chess.com"]
[Date "2021.03.30"]
[Round "7"]
[White "Kislov_Oleg"]
[Black "lacafi"]
[Result "1-0"]
[WhiteElo "2485"]
[BlackElo "2227"]
[TimeControl "180+1"]
[EndTime "11:17:37 PDT"]
[Termination "Kislov_Oleg won by resignation"]

1. e4 c6 2. d4 d5 3. Nc3 dxe4 4.
Nxe4 Nf6 5. Nxf6+ exf6 6. c3 Bd6 7. Bd3 O-O 8. Qc2 h5 9. Ne2 Re8 10. Be3 Nd7 11. O-O-O Nf8 12. h3 Be6 13. Kb1 b5 14. Nf4 Bxf4 15. Bxf4 Bd5 16. Rhg1 Ne6 17. Be3 Qa5 18. b3 Ng5 19. Bxg5 fxg5 20. f3 Qc7 21.
Qf2 a5 22. Rge1 a4 23. b4 Qf4 24. Rxe8+ Rxe8 25. Re1 Rxe1+ 26. Qxe1 g6 27. Be4 Bxe4+ 28. Qxe4 Qxe4+ 29. fxe4 f5 30. c4 fxe4 31. d5 Kf7 32. dxc6 Ke7 33. cxb5 Kd6 34. Kc2 g4 35. hxg4 hxg4 36.
Kd2 1-0

[Event "*** Titled Tuesday Blitz"]
[Site "Chess.com"]
[Date "2021.03.30"]
[Round "7"]
[White "SoldierOfGod1"]
[Black "Eloist"]
[Result "0-1"]
[WhiteElo "2489"]
[BlackElo "2351"]
[TimeControl "180+1"]
[EndTime "11:17:37 PDT"]
[Termination "Eloist won by resignation"]

1. c4 e5 2. Nc3 Nf6 3. Nf3 Nc6 4. e3 Bb4 5. Qc2 d6 6. Nd5 Bc5 7. a3 Bb6 8. b4 Nxd5 9. cxd5 Ne7 10. e4 O-O 11. Bb2 f5 12. d3 fxe4 13. dxe4 a5 14. b5 a4 15. Be2 Ng6 16. Bc1 Nf4 17. Bxf4 Rxf4 18. g3 Rf6 19. O-O-O Bg4 20. Qd3 Bxf2 21.
Rhf1 Bc5 22. Nh4 Bxe2 23. Qxe2 Bxa3+ 24. Kb1 Bc5 25. Nf5 a3 26. Ka2 g6 27. Qg4 Qf8 28.
h4 Kh8 29. Qg5 gxf5 30. exf5 Qf7 31. Qg4 Rg8 32. Qf3 Qg7 33. Rd3 Qg4 34. Qh1 Qc4+ 35. Rb3 Qc2+ 0-1

[Event "*** Titled Tuesday Blitz"]
[Site "Chess.com"]
[Date "2021.03.30"]
[Round "7"]
[White "Sweafty"]
[Black "frederiksvane"]
[Result "0-1"]
[WhiteElo "2549"]
[BlackElo "2701"]
[TimeControl "180+1"]
[EndTime "11:17:38 PDT"]
[Termination "frederiksvane won by resignation"]

1. Nf3 c5 2. c4 Nc6 3. b3 e5 4. Bb2 d6 5. Nc3 g6 6. g3 Bg7 7.
d3 Nge7 8. Bg2 O-O 9. O-O h6 10.
Ne1 Be6 11. Nc2 d5 12. cxd5 Nxd5 13. Ne3 Nxc3 14. Bxc3 Rc8 15. a4 b6 16. Nc4 Qd7 17. Re1 Rfe8 18. Qc1 Bd5 19. Qb2 Nd4 20. Bxd5 Qxd5 21.
e4 Nf3+ 22. Kh1 Qe6 23. Re3 Nd4 24. Bxd4 exd4 25. Ree1 a6 26. a5 b5 27. Nb6 Rc6 28. Rac1 h5 29. Qc2 h4 30. b4 c4 31. dxc4 bxc4 32. Red1 d3 33. Rxd3 cxd3 34. Qxc6 d2 0-1

[Event "*** Titled Tuesday Blitz"]
[Site "Chess.com"]
[Date "2021.03.30"]
[Round "7"]
[White "pavelalexandru07"]
[Black "UCantHandleDenker"]
[Result "0-1"]
[WhiteElo "2295"]
[BlackElo "2524"]
[TimeControl "180+1"]
[EndTime "11:17:38 PDT"]
[Termination "UCantHandleDenker won by resignation"]

1. d4 d6 2. e4 Nf6 3. Nc3 e5 4. dxe5 dxe5 5. Qxd8+ Kxd8 6. Bg5 c6 7. O-O-O+ Ke8 8.
f3 Nbd7 9. Bc4 Bc5 10. Nge2 b5 11. Bb3 a5 12. a4 b4 13. Nb1 Ba6 14. Ng3 h6 15. Bd2 g6 16. Nf1 Ke7 17. Ne3 Nb6 18. c3 Rad8 19. Rhe1 Rd7 20. cxb4 axb4 21. a5 Nc8 22.
Nc4 Bxc4 23. Bxc4 Nd6 24. Bf1 Ra7 25. a6 Nd7 26. b3 Nb5 27. Bxb5 cxb5 28. Be3 Bxe3+ 29.
Rxe3 Rxa6 30. Kb2 Rha8 31. Red3 Ra2+ 32. Kc1 Rc8+ 0-1